 Dungeon Sprint DCSS version 0.22-a0-422-g9628fc87f1 (webtiles) character file.

121 Ebeneezer the Carver (level 5, -2/61 HPs)
             Began as a Barachi Berserker on May 21, 2018.
             Was a Priest of Trog.
             Slain by a sky beast (5 damage)
             ... in the Dungeon (Sprint IX: "|||||||||||||||||||||||||||||").
             The game lasted 00:00:18 (166 turns).

Ebeneezer the Carver (Barachi Berserker)             Turns: 166, Time: 00:00:19

Health: -2/61      AC:  2    Str: 25    XL:     5   Next: 5%
Magic:  5/5        EV: 12    Int:  7    God:    Trog [***...]
Gold:   0          SH:  0    Dex: 11    Spells: 4/4 levels left

rFire    . . .     SeeInvis .   a - +0 falchion
rCold    . . .     Gourm    .   (no shield)
rNeg     . . .     Faith    .   b - +0 animal skin
rPois    .         Spirit   .   (no helmet)
rElec    .         Reflect  .   (no cloak)
rCorr    .         Harm     .   (no gloves)
MR       .....     NoTele   +   (no boots)
Stlth    ..........             (no amulet)
HPRegen  0.20/turn              (no ring)
MPRegen  0.09/turn              (no ring)

@: berserking, quick
A: +LOS, swims, slowness 1, strong legs 1
a: Hop, Berserk, Trog's Hand, Renounce Religion


You were in the Dungeon.
You worshipped Trog.
Trog was most pleased with you.
You were not hungry.

You visited 1 branch

Inventory:

Hand Weapons
 a - a +0 falchion (weapon)
Armour
 b - a +0 animal skin (worn)
Scrolls
 i - a scroll of blinking
Potions
 d - a potion of curing
 e - a potion of heal wounds
 f - a potion of haste
 g - 2 potions of magic
 h - a potion of berserk rage
Comestibles
 c - a ration


   Skills:
 - Level 3.6 Fighting
 + Level 11.7 Long Blades
 - Level 2.4 Armour
 - Level 2.1 Dodging


You had 4 spell levels left.
You didn't know any spells.
Your spell library was empty.

Dungeon Overview and Level Annotations

Branches:
Dungeon (1/1)

Altars:


Innate Abilities, Weirdness & Mutations

Shadows flee at your approach. (+LOS)
You can swim through water.
You cover ground slowly.
You can hop short distances.


Message History

You slash the bat skeleton!
You destroy the bat skeleton!
Trog accepts your kill. The sky beast hits you.
* * * LOW HITPOINT WARNING * * *
The sky beast shocks you.
* * * LOW HITPOINT WARNING * * *
There is an open door, spattered with blood here.
Things that are here:
a giant spiked club; a hound corpse You slash the sky beast!
The sky beast is moderately wounded.
You closely miss the sky beast.
The sky beast is moderately wounded.
The sky beast flickers out of sight!
Deactivating autopickup; reactivate with Ctrl-A.
Something hits you.
* * * LOW HITPOINT WARNING * * *
Something shocks you.
You die...

▓+▓
▓.▓
▓.▓
▓.▓
▓S▓
▓{▓
▓@▓
▓.▓
▓.▓
▓.▓
▓.▓
▓.▓
▓)▓
▓.▓
▓.▓


You could see an adder.

Vanquished Creatures
  An ogre (D)
  A hound (D)
  A ball python (D)
  A bat skeleton (D)
  A giant cockroach (D)
  A goblin (D)
  2 hobgoblins (D)
8 creatures vanquished.

Notes
Turn   | Place    | Note
-------+----------+-------------------------------------------
     0 | D        | Ebeneezer the Barachi Berserker began the quest for the Orb.
     0 | D        | Reached XP level 1. HP: 18/18 MP: 1/1
     6 | D        | Reached skill level 4 in Long Blades
     9 | D        | Reached skill level 5 in Long Blades
    10 | D        | Reached ** piety under Trog
    15 | D        | Reached XP level 2. HP: 17/24 MP: 2/2
   157 | D        | Noticed a sky beast
   157 | D        | Noticed an ogre
   159 | D        | Reached skill level 8 in Long Blades
   159 | D        | Reached XP level 3. HP: 29/29 MP: 3/3
   162 | D        | Killed an ogre
   162 | D        | Reached *** piety under Trog
   162 | D        | Reached skill level 11 in Long Blades
   162 | D        | Reached XP level 4. HP: 14/36 MP: 4/4
   162 | D        | Reached XP level 5. HP: 15/41 MP: 5/5
   166 | D        | HP: 3/61 [something (2)]
   166 | D        | Slain by a sky beast

Vault maps used:
D:        linesprint

Skill      XL: |  1  2  3 |
---------------+----------+-----
Long Blades    | 5 8 11 | 11.7
Fighting       | |  3.6
Armour         | |  2.4
Dodging        | |  2.1

Action                   |  1- 3 |  4- 6 || total
-------------------------+-------+-------++-------
Melee: Falchion          |    15 |     3 ||    18
Invok: Berserk           |     2 |       ||     2
Armor: Animal skin       |     1 |       ||     1
Dodge: Dodged            |     5 |     1 ||     6
       Rpst.: Falchion   |     1 |       ||     1

Table legend:
 A = Spawn XP
 B = Non-spawn XP
 C = Spawn XP percentage of total XP
 D = Spawn monster count
 E = Non-spawn monster count
 F = Spawn count percentage of total count
 G = Total turns spent on level
                    A         B        C        D         E        F      G
               +---------+---------+-------+---------+---------+-------+---------
         Total |       0 |     173 |   0.0 |       0 |       8 |   0.0 |   166
               +---------+---------+-------+---------+---------+-------+---------
             D |       0 |     173 |   0.0 |       0 |       8 |   0.0 |   166
               +---------+---------+-------+---------+---------+-------+---------
